 Dungeon Crawl Stone Soup version 0.21.0-25-ge575cb9 (webtiles) character file.

8425 Miyamura the Carver (level 11, -11/85 HPs)
             Began as a Formicid Fighter on Jan 23, 2018.
             Was a Believer of Cheibriados.
             Mangled by an ettin
             ... wielding a +0 dire flail
              (25 damage)
             ... on level 10 of the Dungeon.
             The game lasted 00:22:05 (12510 turns).

Miyamura the Carver (Formicid Fighter)             Turns: 12510, Time: 00:22:06

Health: -11/85     AC: 23    Str: 26      XL:     11   Next: 55%
Magic:  12/12      EV: 16    Int: 14 (16) God:    Cheibriados [**....]
Gold:   465        SH: 18    Dex: 22 (23) Spells: 10/10 levels left

rFire    . . .     SeeInvis +   H - +5 great sword
rCold    + . .     Gourm    .   A - +0 large shield
rNeg     + + .     Faith    .   l - +7 chain mail of Fun and Games {Stlth+}
rPois    .         Spirit   .   (helmet unavailable)
rElec    .         Reflect  .   D - +0 cloak
rCorr    .         Harm     .   N - +2 pair of gloves {Dex+3}
MR       +....                  K - +0 pair of boots
Stlth    +.........             (no amulet)
HPRegen  0.24/turn              r - ring of positive energy
MPRegen  0.13/turn              z - ring of positive energy

@: agile, very slow
A: permanent stasis, dig shafts and tunnels, four strong arms, antennae 3, cold
resistance 1, deterioration 1, sturdy frame 1
a: Dig, Shaft Self, Bend Time, Renounce Religion


You were on level 10 of the Dungeon.
You worshipped Cheibriados.
Cheibriados was pleased with you.
You were not hungry.

You visited 3 branches of the dungeon, and saw 13 of its levels.
You also visited: Ossuary.

You collected 822 gold pieces.
You spent 357 gold pieces at shops.

Inventory:

Hand Weapons
 a - a +0 war axe
 g - a +0 dagger of venom
 i - a +4 demon trident of electrocution
 H - a +5 great sword (weapon)
 I - a +0 shortbow
 L - a +1 flail
Missiles
 b - 4 poisoned javelins
 c - 8 javelins
 e - a throwing net
 j - 90 stones (quivered)
 n - 96 arrows
Armour
 l - the +7 chain mail of Fun and Games (worn) {Stlth+}
   (You found it on level 6 of the Dungeon)

   It makes you more stealthy.
 v - a +0 troll leather armour
 A - a +0 large shield (worn)
 D - a +0 cloak (worn)
 K - a +0 pair of boots (worn)
 N - a +2 pair of gloves of dexterity (worn)
Jewellery
 r - a ring of positive energy (left hand)
 x - an uncursed amulet of the gourmand {unknown}
 z - a ring of positive energy (right hand)
Wands
 C - a wand of paralysis (4)
 E - a wand of acid (9)
Scrolls
 k - 4 scrolls of amnesia
 o - 2 scrolls of magic mapping
 p - a scroll of enchant armour {unknown}
 q - a scroll of fear {unknown}
 w - a scroll of remove curse
 B - a scroll of torment {unknown}
Potions
 d - 2 potions of ambrosia
 h - 7 potions of curing
 m - 3 potions of brilliance
 s - a potion of magic
 t - a potion of flight
 u - a potion of agility
Miscellaneous
 J - a phial of floods
Comestibles
 f - 9 rations
 F - 6 chunks of flesh


   Skills:
 + Level 7.6 Fighting
 - Level 10.0 Long Blades
 - Level 6.0(6.2) Axes
 + Level 1.7(4.2) Polearms
 + Level 7.5 Armour
 + Level 5.5 Dodging
 + Level 8.3 Shields
 + Level 2.3 Invocations


You had 10 spell levels left.
You didn't know any spells.

Dungeon Overview and Level Annotations

Branches:
Dungeon (11/15)            Temple (1/1) D:4            Lair (0/6) D:8
    Orc (1/2) D:10

Altars:
Ashenzari
Cheibriados
Dithmenos
Elyvilon
Fedhas
Gozag
Hepliaklqana
Kikubaaqudgha
Makhleb
Nemelex Xobeh
Okawaru
Qazlal
Ru
Sif Muna
Trog
Uskayaw
Vehumet
Wu Jian
Xom
Yredelemnul
Zin
The Shining One

Shops:
D:4 *   D:10 [

Annotations:
D:7 exclusion: upstairs
D:9 exclusions: obsidian statue and orange crystal statue


Innate Abilities, Weirdness & Mutations

You cannot be hasted, slowed, berserked, paralysed or teleported.
You can dig through walls and to a lower floor.
Your four strong arms can wield two-handed weapons with a shield.
You have a pair of large antennae on your head. (SInv)
Your flesh is cold resistant. (rC+)
Your body sometimes deteriorates upon taking damage.
Your movements are slightly less encumbered by armour. (ER -2)


Message History

You slice the ettin!!
The ettin is heavily wounded.
The orc warrior hits you with a hand axe!
You block the ettin's attack. x2
The orc wizard hits you but does no damage.
The orc warrior closely misses you.
The orc warrior hits you but does no damage.
Your shield prevents you from hitting the ettin.
The ettin is heavily wounded.
You block the ettin's attack. The ettin hits you but does no damage.
The orc wizard casts a spell at you. You resist with almost no effort.
You block the orc warrior's attack.
The orc warrior hits you with a hand axe.
The ettin hits you with a dire flail!! The ettin hits you but does no damage.
You slash the ettin!
The ettin is severely wounded.
You block the orc wizard's attack. The orc warrior barely misses you.
The orc warrior hits you but does no damage.
You block the ettin's attack. The ettin hits you with a dire flail!!
You die...

...............##..##############
########......####.###...........
#.##..........#.#####..#..
#######)....)......##........#..
#..........#.............###....
#.##..#....#........###..# #....
#..........#.............###....
##'###'###....)o[..#######.'....
#.......#....o@o..# #....[#....
##.......#....C))..#########....
#.>......#.....∩...##...........
##.#####.'............#..(#.....
#.#...#.#.#.......#..#...#.##+#
#.#.#.#.#............#.....'..#
###...#####.##....##.......#..+
###...####...###.###...##'#####
#.#.#.'..#.......# #...#.......


You could see an ettin, 2 orc warriors and an orc wizard.

Vanquished Creatures
  3 two-headed ogres
  Urug (D:9)
  An unseen horror (D:10)
  An ugly thing (D:11)
  3 trolls
  Sigmund (D:2)
  2 wraiths (Ossuary)
  A wyvern (D:9)
  Duvessa (D:4)
  2 orc warriors
  3 sky beasts
  A phantom (D:6)
  2 black bears (D:10)
  2 necrophages
  4 ogres
  A centaur (D:9)
  A crocodile (D:10)
  3 bullfrogs
  Dowan (D:4)
  3 scorpions
  4 killer bees (D:7)
  10 wights
  2 howler monkeys (D:10)
  4 crimson imps
  4 hounds
  2 jellies
  2 orc wizards (D:10)
  3 orc priests
  2 bullfrog skeletons
  A centaur skeleton (D:10)
  4 iguanas
  9 worker ants
  A hound zombie (D:7)
  A mummy (D:8)
  3 hound skeletons
  9 gnolls
  4 adders
  A howler monkey skeleton (D:10)
  An ooze (D:3)
  2 adder zombies
  4 adder skeletons
  4 worms (D:4)
  5 dart slugs
  3 leopard geckos
  44 orcs
  A ball python (D:1)
  7 giant cockroaches
  11 goblins
  3 hobgoblins
  11 jackals
  2 quokkas
  3 ball python skeletons (Ossuary)
  4 bats
  4 frilled lizards
  A hobgoblin skeleton (Ossuary)
  A hobgoblin zombie (Ossuary)
  A jackal skeleton (D:6)
  12 kobolds
  2 orc skeletons (Ossuary)
  3 orc zombies (Ossuary)
  A quokka zombie (D:7)
  3 rats
236 creatures vanquished.

Notes
Turn   | Place    | Note
-------+----------+-------------------------------------------
     0 | D:1      | Miyamura the Formicid Fighter began the quest for the Orb.
     0 | D:1      | Reached XP level 1. HP: 18/18 MP: 1/1
    63 | D:1      | Reached XP level 2. HP: 24/24 MP: 2/2
   451 | D:1      | Reached XP level 3. HP: 29/29 MP: 3/3
  1756 | D:2      | Reached skill level 1 in Dodging
  1830 | D:2      | Reached XP level 4. HP: 32/37 MP: 4/4
  2042 | D:2      | Noticed Sigmund
  2064 | D:2      | Killed Sigmund
  2064 | D:2      | Reached XP level 5. HP: 24/42 MP: 5/5
  2064 | D:2      | Reached XP level 6. HP: 28/48 MP: 6/6
  2866 | D:3      | Reached skill level 5 in Shields
  3144 | D:3      | Found an opulent altar of Gozag.
  3270 | D:3      | Found a white marble altar of Elyvilon.
  3761 | D:3      | Found a faded altar of an unknown god.
  4037 | D:4      | Noticed Duvessa
  4039 | D:4      | Noticed Dowan
  4080 | D:4      | Killed Dowan
  4080 | D:4      | Reached XP level 7. HP: 55/55 MP: 7/7
  4082 | D:4      | Killed Duvessa
  4210 | D:4      | Found a shattered altar of Ashenzari.
  4218 | D:4      | Found a staircase to the Ecumenical Temple.
  4251 | Temple   | Entered the Ecumenical Temple
  4370 | D:4      | Reached skill level 5 in Fighting
  4516 | D:4      | Found Jano's Assorted Antiques.
  4525 | D:4      | Bought a large shield for 121 gold pieces
  4571 | D:4      | Reached skill level 5 in Armour
  5205 | D:5      | Entered Level 5 of the Dungeon
  5223 | D:5      | Reached XP level 8. HP: 62/62 MP: 8/8
  5249 | D:5      | Found a sand-covered staircase.
  5270 | Ossuary  | Entered an ossuary
  5367 | Ossuary  | Noticed a flying skull
  5367 | Ossuary  | Noticed a wraith
  5373 | Ossuary  | Noticed a flying skull
  5396 | Ossuary  | Noticed a flying skull
  5411 | Ossuary  | Noticed a flying skull
  5419 | Ossuary  | Noticed a wraith
  5433 | Ossuary  | Killed a wraith
  5497 | Ossuary  | Noticed a wraith
  5511 | Ossuary  | Killed a wraith
  5865 | D:5      | Found a stormy altar of Qazlal.
  5987 | D:5      | Found a shattered altar of Ashenzari.
  6679 | D:6      | Reached skill level 5 in Axes
  6679 | D:6      | Reached XP level 9. HP: 41/69 MP: 9/9
  6901 | D:6      | Got a faintly glowing chain mail
  6912 | D:6      | Identified the +7 chain mail of Fun and Games {Stlth+} (You found it on level 6 of the Dungeon)
  6919 | D:6      | Noticed a two-headed ogre
  6928 | D:6      | Killed a two-headed ogre
  7316 | D:6      | Found a burning altar of Makhleb.
  7876 | D:7      | Found a hazy altar of Hepliaklqana.
  8202 | D:7      | Reached skill level 5 in Dodging
  8244 | D:7      | Reached XP level 10. HP: 61/79 MP: 10/10
  8276 | D:7      | Reached skill level 1 in Long Blades
  8339 | D:7      | Reached skill level 2 in Long Blades
  8398 | D:7      | You fall through a shaft for 3 floors!
  8398 | D:10     | Entered Level 10 of the Dungeon
  8510 | D:9      | Reached skill level 4 in Long Blades
  8812 | D:9      | Reached skill level 5 in Long Blades
  8910 | D:9      | Noticed an obsidian statue
  9172 | D:8      | Noticed a two-headed ogre
  9181 | D:8      | Killed a two-headed ogre
  9181 | D:8      | Reached skill level 6 in Long Blades
  9426 | D:8      | Found a staircase to the Lair.
  9459 | D:8      | Found a snail-covered altar of Cheibriados.
  9469 | D:8      | Became a worshipper of Cheibriados the Contemplative
  9756 | D:7      | Reached skill level 7 in Long Blades
  9761 | D:7      | Found an ornate altar of the Wu Jian Council.
  9823 | D:7      | Found a bloodstained altar of Trog.
  9824 | D:7      | Noticed a wizard
 10093 | D:7      | Found a snail-covered altar of Cheibriados.
 10484 | D:9      | Noticed an orange crystal statue
 10595 | D:9      | Reached * piety under Cheibriados
 10779 | D:9      | Found a glowing golden altar of the Shining One.
 11051 | D:10     | Noticed an orc knight
 11189 | D:10     | Reached skill level 8 in Long Blades
 11239 | D:10     | Found a staircase to the Orcish Mines.
 11251 | D:10     | Found Rinid's Armour Shoppe.
 11274 | D:10     | Bought a +2 pair of gloves of dexterity for 236 gold pieces
 11296 | D:10     | Noticed an unseen horror
 11313 | D:10     | Killed an unseen horror
 11313 | D:10     | Reached skill level 9 in Long Blades
 11313 | D:10     | Reached XP level 11. HP: 84/84 MP: 11/11
 11345 | D:10     | Noticed Urug
 11363 | D:9      | Gained mutation: Your body sometimes deteriorates upon taking damage. [potion of mutation]
 11363 | D:9      | Gained mutation: Your movements are slightly less encumbered by armour. (ER -2) [potion of mutation]
 11363 | D:9      | Gained mutation: Your flesh is cold resistant. (rC+) [potion of mutation]
 11364 | D:9      | HP: 1/84 [Urug/demon trident of electrocution (20)]
 11379 | D:9      | Killed Urug
 11379 | D:9      | Reached skill level 10 in Long Blades
 11583 | D:10     | Reached ** piety under Cheibriados
 11606 | D:10     | Reached skill level 1 in Invocations
 11759 | D:10     | Noticed a two-headed ogre
 11765 | D:10     | Killed a two-headed ogre
 11765 | D:10     | Reached skill level 1 in Polearms
 12423 | D:11     | Noticed a brown ugly thing
 12434 | D:11     | Killed a brown ugly thing
 12466 | Orc:1    | Entered Level 1 of the Orcish Mines
 12466 | Orc:1    | Noticed an ettin
 12510 | D:10     | Mangled by an ettin

Skill      XL: |  1  2  3  4  5  6  7  8  9 10 11 |
---------------+----------------------------------+-----
Shields        | 4 5 6 7 8 |  8.3
Dodging        | 1 2 3 4 5 |  5.5
Fighting       | 4 5 6 7 |  7.6
Axes           | 3 4 5 6 |  6.0
Armour         | 4 5 6 7 |  7.5
Long Blades    | 9 10 | 10.0
Invocations    | 2 |  2.3
Polearms       | 1 |  1.7

Action                   |  1- 3 |  4- 6 |  7- 9 | 10-12 || total
-------------------------+-------+-------+-------+-------++-------
Melee: War axe           |   109 |   137 |   338 |       ||   584
       Dagger            |       |       |    22 |       ||    22
       Great sword       |       |       |     5 |   279 ||   284
       Demon trident     |       |       |       |     1 ||     1
 Abil: Dig               |       |       |       |     2 ||     2
Evoke: Wand              |       |       |     4 |     5 ||     9
  Use: Potion            |       |     2 |     1 |    14 ||    17
       Scroll            |       |     5 |     6 |     6 ||    17
 Stab: Paralysed         |       |       |     5 |    10 ||    15
       Invisible         |       |       |       |     1 ||     1
  Eat: Chunk             |     3 |     7 |     8 |    11 ||    29
       Ration            |       |       |     2 |       ||     2
Armor: Scale mail        |    41 |       |       |       ||    41
       Chain mail        |     4 |    52 |   142 |   141 ||   339
       Skin              |       |    25 |     1 |       ||    26
Dodge: Dodged            |    49 |    35 |    72 |    97 ||   253
Block: Shield            |    62 |   112 |    17 |       ||   191
       Large shield      |       |       |   254 |   321 ||   575
       Rpst.: Great sword |       |       |       |    16 ||    16
